 Dungeon Crawl Stone Soup version 0.23-a0-417-gf02c810438 (webtiles) character file.

157934 Eqeqeq the Fighter (level 17, -5/228 HPs)
             Began as a Red Draconian Warper on Nov 11, 2018.
             Was the Champion of Wu Jian.
             Slain by a glaive of chopping (25 damage)
             ... on level 2 of the Elven Halls.
             The game lasted 03:15:02 (44284 turns).

Eqeqeq the Fighter (Red Draconian Warper)          Turns: 44284, Time: 03:15:03

Health: -5/228     AC: 17    Str: 20    XL:     17   Next: 13%
Magic:  28/39      EV: 21    Int: 23    God:    Wu Jian [******]
Gold:   2424       SH:  7    Dex: 16    Spells: 3/33 levels left

rFire    + + .     SeeInvis .   q - +2 war axe (flame)
rCold    . . .     Gourm    .   J - +2 buckler
rNeg     . . .     Faith    .   (armour unavailable)
rPois    +         Spirit   .   I - +3 hat of Pondering {ponderous, MR+ MP+10 Int+5}
rElec    .         Reflect  .   j - +2 cloak
rCorr    .         Harm     .   G - +1 pair of gloves "Picis" {rF+ MR++}
MR       +++++                  (no boots)
Stlth    ..........             i - amulet of rage
HPRegen  0.48/turn              N - +4 ring of intelligence
MPRegen  0.26/turn              k - ring of poison resistance

@: berserking, short of breath, silence, studying Evocations, very quick
A: breathe fire, unfitting armour, camouflage 1, fire resistance 1, magic
resistance 1, cold-blooded, AC +9
a: Breathe Fire, Wall Jump, Renounce Religion, Evoke Berserk Rage


You were on level 2 of the Elven Halls.
You worshipped Wu Jian.
Wu Jian was exalted by your worship.
You were near starving.

You visited 6 branches of the dungeon, and saw 27 of its levels.
You also visited: Bailey.

You collected 3144 gold pieces.
You spent 720 gold pieces at shops.

Inventory:

Hand Weapons
 a - a +1 whip of venom
 c - a +1 war axe of electrocution
 f - a +2 mace of protection
 q - a +2 war axe of flaming (weapon)
Missiles
 r - 122 arrows
 W - 2 throwing nets (quivered)
Armour
 j - a +2 cloak (worn)
 x - a scarf of repulsion
 G - the +1 pair of gloves "Picis" (worn) {rF+ MR++}
   (You bought it in a shop on level 2 of the Orcish Mines)

   It protects you from fire.
   It affects your resistance to hostile enchantments.
 I - the +3 hat of Pondering (worn) {ponderous, MR+ MP+10 Int+5}
   (You took it off Gastronok on level 9 of the Dungeon)

   It affects your intelligence (+5).
   It affects your resistance to hostile enchantments.
   It affects your magic capacity (+10).
 J - a +2 buckler (worn)
Jewellery
 i - an amulet of rage (around neck)
 k - a ring of poison resistance (right hand)
 C - an uncursed ring of protection from fire
 H - an uncursed ring of see invisible
 N - a +4 ring of intelligence (left hand)
 P - an uncursed ring of ice
 Q - an uncursed ring of flight
Wands
 g - a wand of flame (49)
 s - a wand of disintegration (2)
 z - a wand of iceblast (20)
 E - a wand of acid (3)
 S - a wand of digging (4)
Scrolls
 b - 7 scrolls of amnesia
 e - 5 scrolls of fear
 h - 6 scrolls of enchant weapon
 n - 8 scrolls of teleportation
 o - a scroll of summoning
 t - 4 scrolls of fog
 u - 2 scrolls of blinking
 y - 4 scrolls of magic mapping
 A - 8 scrolls of remove curse
 M - a scroll of acquirement {unknown}
Potions
 d - a potion of might
 l - 8 potions of curing
 p - a potion of invisibility
 v - 7 potions of haste
 w - 3 potions of magic
 B - a potion of resistance
 K - 3 potions of agility
 R - 4 potions of brilliance
 T - a potion of heal wounds
 U - a potion of flight
Books
 m - a manual of Evocations
Miscellaneous
 D - a crystal ball of energy
 L - a phial of floods
 O - a box of beasts
 V - a lamp of fire
Comestibles
 F - 31 rations


   Skills:
 + Level 14.1 Fighting
 - Level 12.0 Maces & Flails
 - Level 0.8 Throwing
 + Level 11.8 Dodging
 - Level 4.1 Shields
 * Level 8.6 Spellcasting
 - Level 10.0 Conjurations
 - Level 6.0 Hexes
 - Level 8.0 Translocations
 - Level 12.0 Fire Magic
 - Level 6.0 Air Magic
 - Level 6.0 Poison Magic
 + Level 10.9 Evocations


You had 3 spell levels left.
You knew the following spells:

 Your Spells              Type           Power        Failure   Level  Hunger
a - Blink                 Tloc           N/A          1%          2    None
b - Gell's Gravitas       Tloc           #####.....   1%          3    None
c - Passage of Golubria   Tloc           N/A          2%          4    ##.....
d - Mephitic Cloud        Conj/Pois/Air  #####...     1%          3    None
e - Sticky Flame          Conj/Fire      ######..     1%          4    ##.....
f - Force Lance           Conj/Tloc      ######..     1%          4    ##.....
g - Fireball              Conj/Fire      ######....   1%          5    #####..
h - Silence               Hex/Air        #####.....   16%         5    #####..

Your spell library contained the following spells:

 Spells                   Type           Power        Failure   Level  Hunger
 Apportation              Tloc           #####.       1%          1    None
 Confusing Touch          Hex            #####.       1%          1    None
 Flame Tongue             Conj/Fire      #####        1%          1    None
 Magic Dart               Conj           ####         1%          1    None
 Searing Ray              Conj           ######       1%          2    None
 Shroud of Golubria       Chrm/Tloc      ####......   1%          2    None
 Slow                     Hex            #####...     1%          2    None
 Throw Flame              Conj/Fire      ######       1%          2    None
 Conjure Flame            Conj/Fire      ######..     1%          3    None
 Dazzling Spray           Conj/Hex       #####.       1%          3    None
 Inner Flame              Hex/Fire       ######..     1%          3    None
 Lesser Beckoning         Tloc           #####.....   1%          3    None
 Static Discharge         Conj/Air       #####...     1%          3    None
 Teleport Other           Tloc           #####...     1%          3    None
 Spectral Weapon          Hex/Chrm       ###.....     6%          3    None
 Animate Skeleton         Necr           N/A          7%          1    None
 Infusion                 Chrm           #...         7%          1    None
 Summon Small Mammal      Summ           #...         7%          1    None
 Call Imp                 Summ           #.......     10%         2    None
 Song of Slaying          Chrm           #.......     10%         2    None
 Regeneration             Chrm/Necr      #.........   21%         3    None
 Iskenderun's Mystic Bla  Conj           ######..     1%          4    ##.....
 Fulminant Prism          Conj/Hex       #####.....   2%          4    ##.....
 Summon Lightning Spire   Summ/Air       ###.....     19%         4    ##.....
 Conjure Ball Lightning   Conj/Air       #####.....   36%         6    ######.
 Deflect Missiles         Chrm/Air       ###.......   96%         6    ######.
 Tornado                  Air            #####.....   100%        9    #######


Dungeon Overview and Level Annotations

Branches:
Dungeon (15/15) Temple (1/1) D:7 Lair (6/6) D:11 Swamp (1/4) Lair:3 Spider (0/4) Lair:3 Slime (0/5) Lair:6 Orc (2/2) D:9 Elf (2/3) Orc:2 Vaults (0/5) D:12 D:13 Depths (0/5) D:15

Altars:
Ashenzari
Cheibriados
Dithmenos
Elyvilon
Fedhas
Gozag
Hepliaklqana
Kikubaaqudgha
Makhleb
Nemelex Xobeh
Okawaru
Qazlal
Ru
Sif Muna
Trog
Uskayaw
Vehumet
Wu Jian
Xom
Yredelemnul
Zin
The Shining One
Beogh
Jiyva

Shops:
D:5 ?   D:6 =   D:11 %   D:13 ?   Orc:2 *%![


Innate Abilities, Weirdness & Mutations

You can breathe blasts of fire.
Your fiery red scales are hard. (AC +9)
You cannot fit into any form of body armour.
Your flesh is heat resistant. (rF+)
You are cold-blooded and may be slowed by cold attacks.
Your skin changes colour to match your surroundings (Stealth+).
You are resistant to hostile enchantments. (MR+)


Message History

You hit the deep elf knight. You burn the deep elf knight.
The glaive of chopping misses you.
The deep elf knight hits you with a +0 short sword.
* * * LOW HITPOINT WARNING * * *
Unknown command.
You closely miss the deep elf mage.
The deep elf mage is heavily wounded.
You slash the deep elf knight! You burn the deep elf knight.
The deep elf knight hits you but does no damage.
The deep elf mage hits you with a +0 rapier.
* * * LOW HITPOINT WARNING * * *
The glaive of chopping completely misses you.
You miss the deep elf mage. You tail-slap the deep elf mage.
The deep elf mage is heavily wounded.
You slash the deep elf knight! You burn the deep elf knight.
You kill the deep elf knight!
The Council accepts your kill. The deep elf mage misses you.
The glaive of chopping hits you from afar!!
You die...

#.........##.'..#####
##........#+.'.##...#
.###..........+##..)...#
...)...........##...#..#
...............###.#..##
...............##.#...#.
..............####.#....
......)......## #######
.....(ยง@.#...#
......e)###...#
.......## ##...# .......
..## ....... .## .......
....... .......


You could see a deep elf mage and a glaive of chopping.

Vanquished Creatures
  Rupert (Lair:3)
  Gastronok (D:9)
  Frances (D:13)
  An orc warlord (Orc:2)
  A deep elf elementalist (Elf:2)
  The ghost of Dath the Protected, a journeyman GnWn of the Shining One (Orc:1)
  A deep elf demonologist (Elf:2)
  6 dire elephants (Lair:6)
  2 deep elf annihilators
  Azrael (D:12)
  Snorg (D:14)
  The ghost of Azzok the Covert, a journeyman GnEn (Lair:1)
  A death ooze (Lair:1)
  Josephine (D:14)
  Harold (Orc:1)
  5 hydras
  The ghost of tmwh the Earth Mage, a journeyman GrEE of Vehumet (D:13)
  3 centaur warriors
  22 two-headed ogres
  An anaconda (Lair:6)
  4 ogre magi
  2 alligators (Swamp:1)
  A death knight (D:14)
  9 dancing weapons
  Urug (Orc:1)
  Sonja (Orc:1)
  7 deep elf knights (Elf:2)
  Nergalle (Lair:2)
  2 deep trolls (Orc:2)
  A fire crab (Lair:6)
  An unseen horror (D:9)
  2 skeletal warriors
  A flayed ghost (D:14)
  A wizard (D:14)
  Pikel (D:6)
  5 deep elf archers
  14 orc knights
  2 ugly things (D:13)
  23 deep elf magi
  A wolf spider (Lair:3)
  A phantasmal warrior (D:14)
  The ghost of tmwh the Geomancer, a novice GrEE of Sif Muna (D:7)
  2 necromancers
  4 oklob plants (Lair:4)
  A stone giant zombie (D:15)
  3 manticores
  4 cyclopes
  7 elephants
  An ice statue (D:10)
  3 centaur zombies
  A fire giant skeleton (D:15)
  Joseph (D:8)
  7 black mambas
  Psyche (D:9)
  12 spiny frogs
  A gargoyle (D:12)
  An eye of devastation (shapeshifter) (D:15)
  4 centaur skeletons
  3 rime drakes
  9 komodo dragons
  An efreet (D:14)
  2 freezing wraiths (D:14)
  6 ice devils (D:10)
  2 tengu conjurers
  16 trolls
  A harpy skeleton (D:12)
  3 polar bears
  19 blink frogs
  A hornet (D:11)
  14 hippogriffs
  13 slime creatures
  23 dream sheep
  2 meliai zombies
  An ettin zombie (D:15)
  3 spriggans
  3 air elementals
  5 wyverns
  2 vampires
  A fire dragon skeleton (D:15)
  3 shadows
  4 fire elementals
  A water elemental (Elf:2)
  5 wraiths
  3 hungry ghosts
  54 yaks
  3 basilisks
  17 humans
  2 vampire mosquitoes (D:14)
  2 steam dragons
  Menkaure (D:6)
  A soldier ant (D:13)
  Edmund (D:6)
  4 wargs
  An acid dragon (D:11)
  13 insubstantial wisps
  8 porcupines
  Duvessa (D:4)
  4 hell hounds
  10 water moccasins
  37 orc warriors
  A black bear (Lair:2)
  3 ice beasts
  5 sky beasts
  4 slaves (D:6)
  2 eyes of draining
  2 phantoms
  A necrophage (D:10)
  9 wolves
  45 ogres
  3 centaurs
  16 crocodiles
  2 big kobolds
  16 bullfrogs
  A wyvern zombie (D:12)
  Dowan (D:4)
  6 scorpions
  5 killer bees (D:12)
  8 wights
  2 electric eels
  2 howler monkeys
  6 crimson imps
  A bullfrog zombie (D:13)
  4 bullfrog skeletons
  22 orc priests
  9 hounds
  9 jellies
  6 iguanas
  Natasha (thrice) (D:3)
  35 orc wizards
  3 polar bear simulacra (D:12)
  12 worker ants
  3 yak simulacra (D:12)
  2 wolf simulacra (D:12)
  A howler monkey zombie (D:4)
  8 adders
  6 gnolls
  A howler monkey skeleton (D:10)
  2 shadow imps
  2 white imps (D:8)
  A worker ant simulacrum (D:8)
  6 ufetubi (D:10)
  6 worms
  4 dart slugs
  8 leopard geckos
  105 orcs
  4 ball pythons
  39 bats
  5 giant cockroaches
  9 goblins
  5 hobgoblins
  10 jackals
  12 kobolds
  5 quokkas
  3 frilled lizards
  A giant cockroach zombie (D:6)
  A jackal simulacrum (D:8)
  A quokka skeleton (D:4)
  4 rats
  3 river rat simulacra (D:12)
  2 butterflies (Lair:3)
  8 plants
  A withered plant (D:15)
1005 creatures vanquished.

Vanquished Creatures (others)
  A two-headed ogre (D:15)
  2 deep elf magi (Elf:1)
  A centaur skeleton (D:13)
  A tengu conjurer (D:13)
  A yak (Lair:6)
  A steam dragon (D:8)
  A bullfrog zombie (D:13)
  3 bushes
  33 fungi
  27 plants
71 creatures vanquished.

Grand Total: 1076 creatures vanquished

Notes
Turn   | Place    | Note
-------+----------+-------------------------------------------
     0 | D:1      | Eqeqeq the Draconian Warper began the quest for the Orb.
     0 | D:1      | Reached XP level 1. HP: 17/17 MP: 3/3
   274 | D:1      | Reached XP level 2. HP: 22/25 MP: 5/5
   587 | D:1      | Learned a level 2 spell: Blink
   941 | D:2      | Reached XP level 3. HP: 30/30 MP: 6/6
  1519 | D:2      | Found a burning altar of Makhleb.
  1529 | D:2      | Reached XP level 4. HP: 26/37 MP: 7/7
  2174 | D:2      | Learned a level 3 spell: Gell's Gravitas
  2187 | D:3      | Reached skill level 3 in Fighting
  2453 | D:3      | Found a snail-covered altar of Cheibriados.
  2533 | D:3      | Reached XP level 5. HP: 45/45 MP: 9/9
  2749 | D:3      | Learned a level 4 spell: Passage of Golubria
  2935 | D:3      | Noticed Natasha
  2942 | D:3      | Killed Natasha
  3016 | D:3      | Noticed Natasha
  3174 | D:3      | Killed Natasha
  3792 | D:3      | Noticed Natasha
  3804 | D:3      | Killed Natasha
  3886 | D:4      | Reached XP level 6. HP: 44/52 MP: 10/10
  4088 | D:4      | Noticed Dowan
  4113 | D:4      | Noticed Duvessa
  4152 | D:4      | Killed Duvessa
  4152 | D:4      | Reached skill level 4 in Fighting
  4154 | D:4      | Killed Dowan
  4163 | D:4      | Reached skill level 5 in Maces & Flails
  4163 | D:4      | Your scales start taking on a fiery red colour.
  4163 | D:4      | Reached XP level 7. HP: 41/59 MP: 11/11
  4163 | D:4      | Gained mutation: Your flesh is heat resistant. (rF+) [Red
                  | Draconian growth]
  4815 | D:5      | Entered Level 5 of the Dungeon
  5303 | D:5      | Found Cejim's Magic Scroll Shoppe.
  5311 | D:5      | Bought a scroll of identify for 22 gold pieces
  5823 | D:6      | Noticed Edmund
  5827 | D:6      | Killed Edmund
  5827 | D:6      | Reached XP level 8. HP: 67/67 MP: 12/12
  5857 | D:6      | Reached skill level 5 in Fighting
  6350 | D:6      | Noticed Pikel
  6388 | D:6      | Killed Pikel
  6388 | D:6      | Reached skill level 5 in Dodging
  6388 | D:6      | Reached skill level 5 in Translocations
  6530 | D:6      | Noticed Menkaure
  6537 | D:6      | Killed Menkaure
  6537 | D:6      | Reached skill level 6 in Fighting
  6626 | D:6      | Reached XP level 9. HP: 67/75 MP: 13/13
  6658 | D:6      | Found Vahay's Jewellery Shoppe.
  6994 | D:7      | Found a staircase to the Ecumenical Temple.
  7000 | Temple   | Entered the Ecumenical Temple
  7342 | Temple   | Became a worshipper of the Wu Jian Council
  7559 | D:7      | Learned a level 3 spell: Mephitic Cloud
  7683 | D:7      | Found a bloodstained altar of Trog.
  7689 | D:7      | Reached skill level 1 in Conjurations
  7689 | D:7      | Reached skill level 1 in Air Magic
  7689 | D:7      | Reached skill level 1 in Poison Magic
  8036 | D:7      | Found a runed gate.
  8037 | D:7      | Found a runed gate.
  8037 | D:7      | Noticed tmwh's ghost (novice GrEE)
  8038 | D:7      | Found a runed gate.
  8039 | D:7      | Found a roughly hewn altar of Beogh.
  8721 | D:8      | Reached * piety under Wu Jian
  8953 | D:8      | Noticed a polar bear
  8965 | D:8      | Killed a polar bear
  8966 | D:8      | Noticed a polar bear
  8981 | D:7      | Reached XP level 10. HP: 75/84 MP: 14/14
  9392 | D:8      | Reached skill level 7 in Fighting
  9543 | D:8      | Noticed Joseph
  9560 | D:8      | Killed Joseph
  9788 | D:8      | Learned a level 3 spell: Conjure Flame
 10232 | D:5      | Bought a scroll of immolation for 38 gold pieces
 10232 | D:5      | Bought a scroll of magic mapping for 38 gold pieces
 10232 | D:5      | Bought a scroll of identify for 22 gold pieces
 10232 | D:5      | Bought a scroll of identify for 22 gold pieces
 10368 | D:9      | Noticed Psyche
 10373 | D:9      | Killed Psyche
 10373 | D:9      | Reached skill level 5 in Conjurations
 10373 | D:9      | Reached skill level 5 in Air Magic
 10373 | D:9      | Reached skill level 5 in Poison Magic
 10454 | D:9      | Reached skill level 1 in Fire Magic
 10515 | D:9      | Reached skill level 1 in Evocations
 10541 | D:9      | Reached ** piety under Wu Jian
 10754 | D:9      | HP: 2/86 [something/vampiric draining (16)]
 11052 | D:9      | Reached skill level 1 in Shields
 11102 | D:9      | Found a staircase to the Orcish Mines.
 11160 | D:9      | HP: 2/86 [something (6)]
 11165 | D:9      | Killed an unseen horror
 11474 | D:6      | Bought an uncursed ring of see invisible for 195 gold
                  | pieces
 11760 | D:7      | Killed tmwh's ghost
 11760 | D:7      | Reached XP level 11. HP: 91/92 MP: 15/15
 11980 | D:9      | Noticed Gastronok
 11998 | D:9      | Killed Gastronok
 11998 | D:9      | Reached skill level 5 in Fire Magic
 12248 | D:10     | Entered Level 10 of the Dungeon
 12602 | D:10     | Noticed a two-headed ogre
 12634 | D:10     | Killed a two-headed ogre
 12768 | D:10     | Got a crystal falchion
 12796 | D:10     | Reached *** piety under Wu Jian
 13042 | D:10     | Reached skill level 8 in Fighting
 13212 | D:10     | Identified the cursed +1 falchion "Buuc Pom" {venom, *Rage
                  | rF+ Int+2 Dex+6} (You found it on level 10 of the Dungeon)
 13306 | D:10     | HP: 1/94 [ice beast[an ice statue] (11)]
 14139 | D:11     | Found Uteikeot's Food Shoppe.
 14251 | D:11     | Found a flagged portal.
 14277 | Bailey   | Entered a bailey
 14743 | Bailey   | Noticed an orc knight
 14748 | Bailey   | Killed an orc knight
 14767 | Bailey   | Noticed an orc knight
 14768 | Bailey   | Noticed an orc knight
 14774 | Bailey   | Noticed an orc knight
 14843 | Bailey   | Noticed an orc knight
 14873 | Bailey   | Killed an orc knight
 14873 | Bailey   | Reached XP level 12. HP: 82/102 MP: 18/18
 14971 | Bailey   | Reached **** piety under Wu Jian
 15136 | D:11     | Paralysed by a hornet for 2 turns
 15328 | D:11     | Found a stormy altar of Qazlal.
 15367 | D:11     | Reached skill level 5 in Evocations
 15743 | D:11     | Found a staircase to the Lair.
 15808 | D:11     | Learned a level 4 spell: Force Lance
 16145 | Lair:1   | Entered Level 1 of the Lair of Beasts
 16504 | Lair:1   | Reached skill level 10 in Maces & Flails
 16516 | Lair:1   | Found a runed gate.
 16516 | Lair:1   | Found a runed gate.
 16526 | Lair:1   | Found a runed gate.
 16528 | Lair:1   | Found a viscous altar of Jiyva.
 16528 | Lair:1   | Noticed Azzok's ghost (journeyman GnEn)
 16528 | Lair:1   | Noticed a death ooze
 17004 | Lair:2   | You fall through a shaft!
 17004 | Lair:3   | Found a hole to the Spider Nest.
 17013 | Lair:3   | Noticed an eight-headed hydra
 17227 | Lair:3   | Reached skill level 9 in Fighting
 17493 | Lair:3   | Killed an eight-headed hydra
 18154 | Lair:3   | Reached ***** piety under Wu Jian
 18168 | Lair:3   | Noticed a six-headed hydra
 18176 | Lair:3   | Killed a six-headed hydra
 18362 | Lair:3   | Found a staircase to the Swamp.
 18365 | Lair:3   | Noticed Rupert
 18760 | Lair:3   | Reached XP level 13. HP: 111/111 MP: 19/19
 19406 | Lair:4   | Learned a level 4 spell: Sticky Flame
 19576 | Lair:3   | Paralysed by Rupert for 6 turns
 19613 | Lair:3   | Killed Rupert
 20478 | Lair:4   | Reached skill level 10 in Fighting
 22981 | Lair:6   | Entered Level 6 of the Lair of Beasts
 24182 | Lair:6   | Reached XP level 14. HP: 88/122 MP: 17/20
 24593 | Lair:6   | Found a viscous altar of Jiyva.
 24594 | Lair:6   | Found a staircase to the Slime Pits.
 24741 | Lair:6   | Reached ****** piety under Wu Jian
 25269 | Lair:6   | Reached skill level 11 in Fighting
 26192 | Lair:6   | Reached skill level 10 in Fire Magic
 27472 | Lair:2   | Noticed Nergalle
 27487 | Lair:2   | Killed Nergalle
 27747 | Lair:2   | Reached skill level 5 in Spellcasting
 28262 | Orc:1    | Entered Level 1 of the Orcish Mines
 28262 | Orc:1    | Noticed Harold
 28614 | Orc:1    | Killed Harold
 29258 | Orc:1    | Noticed Sonja
 29614 | Orc:1    | Killed Sonja
 29798 | Orc:1    | Found a roughly hewn altar of Beogh.
 30241 | Orc:1    | Learned a level 5 spell: Fireball
 30355 | Orc:1    | Noticed Urug
 30541 | Orc:1    | Killed Urug
 30703 | Orc:1    | Found a transporter.
 30703 | Orc:1    | Noticed Dath's ghost (journeyman GnWn)
 30811 | Orc:1    | Found a transporter.
 30911 | Orc:1    | Killed Dath's ghost
 30911 | Orc:1    | Reached XP level 15. HP: 20/132 MP: 15/24
 31427 | Orc:1    | Reached skill level 12 in Fighting
 31792 | Orc:2    | Entered Level 2 of the Orcish Mines
 32405 | Orc:2    | Reached skill level 10 in Dodging
 32697 | Orc:2    | Found Myoffeck's Food Shop.
 32699 | Orc:2    | Found Waoket's Antique Armour Shoppe.
 32885 | Orc:2    | Found a staircase to the Elven Halls.
 32907 | Orc:2    | Found Jephiam's General Store.
 32908 | Orc:2    | Found Beawoi's Distillery.
 32921 | Orc:2    | Bought a pair of warped gloves for 323 gold pieces
 32931 | Orc:2    | Identified the +1 pair of gloves "Picis" {rF+ MR++} (You
                  | bought it in a shop on level 2 of the Orcish Mines)
 32946 | Orc:2    | Bought a potion of might for 60 gold pieces
 33131 | Orc:2    | Noticed an orc warlord
 33740 | Orc:2    | Killed an orc warlord
 33989 | Orc:2    | Learned a level 5 spell: Silence
 34185 | Orc:2    | Found a roughly hewn altar of Beogh.
 34659 | D:12     | Found a shadowy altar of Dithmenos.
 35331 | D:13     | Found a gate to the Vaults.
 35331 | D:13     | Noticed Azrael
 35331 | D:13     | Noticed Frances
 35515 | D:13     | Gained mutation: Your spells are a little harder to cast,
                  | but a little more powerful. [potion of mutation]
 35515 | D:13     | Gained mutation: You are robust. (+10% HP) [potion of
                  | mutation]
 35515 | D:13     | Gained mutation: You do not regenerate when monsters are
                  | visible. [potion of mutation]
 35515 | D:13     | Gained mutation: Your flesh is cold resistant. (rC+)
                  | [potion of mutation]
 35810 | D:12     | Lost mutation: You are robust. (+10% HP) [potion of
                  | mutation]
 35810 | D:12     | Lost mutation: You do not regenerate when monsters are
                  | visible. [potion of mutation]
 35810 | D:12     | Lost mutation: Your spells are a little harder to cast, but
                  | a little more powerful. [potion of mutation]
 35810 | D:12     | Lost mutation: Your flesh is cold resistant. (rC+) [potion
                  | of mutation]
 35810 | D:12     | Gained mutation: You are resistant to hostile enchantments.
                  | (MR+) [potion of mutation]
 35810 | D:12     | Gained mutation: Your skin changes colour to match your
                  | surroundings (Stealth+). [potion of mutation]
 36039 | D:13     | Found Zufurgh's Magic Scroll Shoppe.
 36484 | D:12     | Killed Azrael
 36716 | D:13     | Reached skill level 1 in Hexes
 36719 | D:13     | Killed Frances
 36796 | D:13     | Found a runed door.
 36797 | D:13     | Found a shimmering altar of Xom.
 36797 | D:13     | Noticed tmwh's ghost (journeyman GrEE)
 36845 | D:13     | Reached skill level 13 in Fighting
 37209 | Lair:1   | Reached XP level 16. HP: 143/143 MP: 20/28
 37220 | Lair:1   | Killed Azzok's ghost
 37483 | Swamp:1  | Entered Level 1 of the Swamp
 37774 | Swamp:1  | Noticed a thorn hunter
 38207 | D:13     | Killed tmwh's ghost
 38475 | D:14     | Found a white marble altar of Elyvilon.
 38769 | D:14     | Noticed Snorg
 38779 | D:14     | Killed Snorg
 39351 | D:14     | Noticed Josephine
 39374 | D:14     | Killed Josephine
 39658 | D:15     | Entered Level 15 of the Dungeon
 39729 | D:15     | Reached skill level 5 in Hexes
 40430 | D:15     | Found a staircase to the Depths.
 41759 | Elf:1    | Entered Level 1 of the Elven Halls
 42112 | Elf:1    | Identified the Catalogue of Combat Magic
 42395 | Elf:1    | Identified the cursed +0 battleaxe "Geheir" {freeze, SInv}
                  | (You found it on level 1 of the Elven Halls)
 42646 | Elf:2    | Reached skill level 10 in Evocations
 43346 | Elf:2    | Found a runed gate.
 43346 | Elf:2    | Found a runed gate.
 43347 | Elf:2    | Found a runed gate.
 43564 | Elf:2    | Reached skill level 14 in Fighting
 43564 | Elf:2    | Reached skill level 10 in Conjurations
 43689 | Elf:2    | Reached XP level 17. HP: 117/152 MP: 29/29
 44284 | Elf:2    | Slain by a glaive of chopping

Vault maps used:
D:1:      enne_arrival_octagon_isle, grunt_decor_cap, minmay_pentomino_z2
D:2:      kennysheep_big_flooded_room, makhleb_heckhound_becter
D:3:      kennysheep_slug_shrine, hangedman_glass_teeth, uniq_natasha
D:4:      serial_forest, infiniplex_forest_clump_cross,
          infiniplex_forest_zigzag_1, infiniplex_forest_straight_3,
          infiniplex_forest_zigzag_1, infiniplex_forest_clump_medium,
          infiniplex_forest_end_double, st_stairs_6, uniq_duvessa
D:5:      serial_shops, shop, first_ration
D:6:      serial_shops, kennysheep_mini_moat, kennysheep_generic_room_7,
          uniq_menkaure, uniq_edmund, uniq_pikel
D:7:      minmay_temple_entry_hall, biasface_ghost_orc_armoury, trog_book
D:8:      kennysheep_steamy, serial_ice, serial_ice_n, serial_ice_g,
          serial_ice_b, serial_ice_m, serial_ice_f, the_bakery,
          hangedman_misty_isle, uniq_joseph
D:9:      erik_orc_4, uniq_gastronok, uniq_psyche
D:10:     cheibrodos_frozen_isle, hangedman_decor_push
D:11:     grunt_lair_entry_orc_guard_hut, enter_bailey_7, serial_shops,
          nicolae_shop_statue_plus, basic_altar, fountainhead
D:12:     basic_altar, eino_house_with_fridge
D:13:     david_vaults_3, serial_shops, nicolae_shop_behind_doors,
          ebering_ghost_xom, uniq_azrael, uniq_frances
D:14:     chequers_serial_rivers_marsh, basic_altar, nrook_mini_backslash,
          minmay_misc_feat_four_crosses, uniq_snorg, uniq_josephine
D:15:     gammafunk_depths_entry_grave, hangedman_abyss_or_decor_clamps
Temple:   compressed_dpeg_triangle_lava_temple
Lair:1:   gammafunk_ghost_ooze, guppyfry_lair_drakes
Lair:2:   forest_entry_grove, uniq_nergalle
Lair:3:   minmay_swamp_entry_wisps, spider_nest_entry_rubble,
          lemuel_fruit_fields, lemuel_fruit_fields, lemuel_fruit_tree,
          serial_bayou_shore_a, uniq_rupert
Lair:4:   infiniplex_staircase_pool, grunt_megastairs_3,
          minmay_lair_oklob_chamber
Lair:6:   due_jungle_book, dpeg_slime_entry_enclosed_altar, lemuel_fruit_fields,
          grunt_megastairs_1
Swamp:1:  evilmike_swamp_ruin_rubble_2
Orc:1:    special_room, gammafunk_ghost_smash, guppyfry_library_mini,
          uniq_sonja, uniq_urug, uniq_harold
Orc:2:    st_orc_open, basic_altar, mines_bat_river
Elf:1:    eino_elf_arrival_the_gate, minmay_elf_annihilation
Bailey:   bailey_polearm_1, bailey

Skill      XL: |  1  2  3  4  5  6  7  8  9 10 11 12 13 14 15 16 |
---------------+-------------------------------------------------+-----
Maces & Flails | 3 4 5 6 7 8 9 10 11 12 | 12.0
Fighting       | 3 4 6 7 8 9 10 11 13 14 | 14.1
Dodging        | 3 4 5 6 7 8 9 10 11 | 11.8
Spellcasting   | 3 4 6 8 |  8.6
Translocations | 4 5 6 7 8 |  8.0
Conjurations   | 3 5 8 9 10 | 10.0
Air Magic      | 3 5 6 |  6.0
Poison Magic   | 3 5 6 |  6.0
Fire Magic     | 4 6 8 10 11 12 | 12.0
Evocations     | 2 4 6 7 8 10 | 10.9
Shields        | 2 4 |  4.1
Hexes          | 2 6 |  6.0
Throwing       | |  0.8

Action                   |  1- 3 |  4- 6 |  7- 9 | 10-12 | 13-15 | 16-18 || total
-------------------------+-------+-------+-------+-------+-------+-------++-------
Melee: Mace              |    72 |       |    61 |   768 |   227 |    21 ||  1149
       Tailslap          |    10 |    19 |    49 |   153 |   325 |    86 ||   642
       Dagger            |    14 |   167 |   329 |    15 |   234 |       ||   759
       War axe           |       |    50 |       |    28 |   667 |   550 ||  1295
       Flail             |       |       |     9 |    11 |       |       ||    20
       Whip              |       |       |     3 |   242 |   749 |       ||   994
       Unarmed           |       |       |       |     8 |       |       ||     8
       Falchion          |       |       |       |     7 |       |       ||     7
Throw: Tomahawk          |     5 |       |       |       |       |       ||     5
 Cast: Gell's Gravitas   |       |       |     4 |     5 |   152 |    32 ||   193
       Blink             |       |       |     2 |     3 |    34 |     2 ||    41
       Mephitic Cloud    |       |       |       |    31 |    35 |     1 ||    67
       Conjure Flame     |       |       |       |    21 |       |       ||    21
       Passage of Golubr |       |       |       |     3 |     6 |     1 ||    10
       Force Lance       |       |       |       |    17 |    63 |    47 ||   127
       Sticky Flame      |       |       |       |       |    58 |    27 ||    85
       Fireball          |       |       |       |       |    17 |    12 ||    29
       Silence           |       |       |       |       |     1 |    11 ||    12
Invok: Lunge             |       |       |     2 |    32 |    45 |    16 ||    95
       Whirlwind         |       |       |       |   120 |   503 |    31 ||   654
 Abil: Breathe Fire      |       |       |    18 |    62 |    40 |    16 ||   136
       Evoke Berserk Rag |       |       |       |     4 |     5 |     6 ||    15
Evoke: Wand              |       |     6 |     3 |     7 |    31 |     4 ||    51
       Lamp of fire      |       |       |       |       |     1 |     1 ||     2
  Use: Potion            |       |     7 |     2 |     9 |     9 |     3 ||    30
       Scroll            |       |       |     7 |    18 |    15 |     2 ||    42
 Stab: Sleeping          |       |       |     4 |     3 |     4 |     2 ||    13
       Confused          |       |       |       |    11 |    16 |       ||    27
       Distracted        |       |       |       |       |     1 |     3 ||     4
  Eat: Chunk             |     2 |     6 |    18 |    36 |    82 |    28 ||   172
       Ration            |       |     1 |     2 |     6 |     7 |     5 ||    21
Armor: Skin              |    47 |    80 |   133 |   361 |   382 |   221 ||  1224
Dodge: Dodged            |    68 |   151 |   267 |   694 |  1328 |   476 ||  2984
       Deflected         |       |       |       |       |     8 |       ||     8
Block: Buckler           |       |       |       |   223 |   472 |   226 ||   921

Table legend:
 A = Non-vault XP
 B = Vault XP
 C = Vault XP percentage of total XP
 D = Non-vault monster count
 E = Vault monster count
 F = Vault count percentage of total count
                 A         B        C        D         E       F
            +---------+---------+-------+---------+---------+-------
      Total |  127254 |   98366 |  43.6 |     651 |     344 |  34.6
            +---------+---------+-------+---------+---------+-------
        D:1 |      28 |       3 |   9.7 |      14 |       2 |  12.5
        D:2 |      53 |      46 |  46.5 |      21 |       3 |  12.5
        D:3 |     190 |      39 |  17.0 |      31 |       2 |   6.1
        D:4 |     469 |     218 |  31.7 |      26 |       3 |  10.3
        D:5 |     204 |       0 |   0.0 |       6 |       0 |   0.0
        D:6 |     466 |    1134 |  70.9 |      11 |       5 |  31.2
        D:7 |    1091 |    1888 |  63.4 |      22 |      17 |  43.6
        D:8 |     844 |    2440 |  74.3 |      14 |      16 |  53.3
        D:9 |    3124 |    5214 |  62.5 |      27 |      22 |  44.9
       D:10 |    2859 |    2520 |  46.8 |      33 |      13 |  28.3
       D:11 |    3091 |     789 |  20.3 |      26 |      10 |  27.8
       D:12 |    7909 |    3136 |  28.4 |      46 |      19 |  29.2
       D:13 |    6061 |    9951 |  62.1 |      27 |      24 |  47.1
       D:14 |   11295 |    4273 |  27.4 |      37 |       7 |  15.9
       D:15 |   10932 |    2840 |  20.6 |      36 |       6 |  14.3
     Lair:1 |    2690 |    2570 |  48.9 |      11 |       7 |  38.9
     Lair:2 |    3149 |     929 |  22.8 |      13 |       2 |  13.3
     Lair:3 |    7416 |    5140 |  40.9 |      27 |      12 |  30.8
     Lair:4 |    6811 |    4515 |  39.9 |      22 |      14 |  38.9
     Lair:5 |    5425 |     193 |   3.4 |      20 |       1 |   4.8
     Lair:6 |   20870 |    5863 |  21.9 |      56 |      16 |  22.2
    Swamp:1 |    2898 |       0 |   0.0 |       8 |       0 |   0.0
      Orc:1 |    3503 |   16665 |  82.6 |      38 |      44 |  53.7
      Orc:2 |    4306 |   11591 |  72.9 |      46 |      62 |  57.4
      Elf:1 |    1755 |    5447 |  75.6 |       5 |      11 |  68.8
      Elf:2 |   19815 |    7465 |  27.4 |      28 |       9 |  24.3
     Bailey |       0 |    3497 | 100.0 |       0 |      17 | 100.0
            +---------+---------+-------+---------+---------+-------
